BSA
SEATTLE PIKES @ AUSTIN RIVER SHARKS
07/25/2028
 
TOP OF THE 1ST
Seattle Pikes batting - Pitching for Austin River Sharks : RHP Armando Pérez
Pitching: RHP Armando Pérez
Batting: RHB Manuel Rico 0-0: Called Strike
0-1: Foul Ball, location: 2F
0-2: Strikes out swinging passed ball, reaches first!
Batting: RHB Dennis Stephenson 0-0: Foul Ball, location: 2F
0-1: Swinging Strike
0-2: Ball
1-2: Ground out 5-3 (Groundball, 56S)
Manuel Rico to second
Batting: LHB David Monahan 0-0: Ball
1-0: Fly out, F7 (Flyball, 7S)
Batting: RHB Pete Rideout 0-0: Ball
1-0: Fly out, F6 (Line Drive, 6)
Top of the 1st over - 0 run(s), 0 hit(s), 0 error(s), 1 left on base; Seattle 0 - Austin 0
BOTTOM OF THE 1ST
Austin River Sharks batting - Pitching for Seattle Pikes : LHP Albert Lebel
Pitching: LHP Albert Lebel
Batting: LHB Enrico Vargas 0-0: Ball
1-0: Foul Ball, location: 2F
1-1: SINGLE (Groundball, 34D)
Batting: RHB Richard Coker 0-0: Called Strike
0-1: Ball
1-1: Foul Ball, location: 2F
1-2: SINGLE (Groundball, 56D)
Enrico Vargas to second
Batting: LHB Greg Nelson 0-0: Foul Ball, location: 2F
0-1: Foul Ball, location: 2F
0-2: Ball
1-2: Strikes out swinging
Batting: RHB Pedro Guzmán 0-0: SINGLE (Groundball, 34D)
Enrico Vargas to third
Richard Coker to second
Runner from 3rd tries for Home, SAFE, no throw
Batting: RHB Manny Copriviza 0-0: Foul Ball, location: 2F
0-1: Ball
1-1: Ball
2-1: Foul Ball, location: 2F
2-2: Ball
3-2: Base on Balls
Richard Coker to third
Pedro Guzmán to second
Batting: RHB Dexter Potter 0-0: Ball
1-0: Foul Ball, location: 2F
1-1: Swinging Strike
1-2: Ball
2-2: Strikes out swinging
Batting: RHB Eric Neal 0-0: Foul Ball, location: 2F
0-1: Ball
1-1: Ball
2-1: Fly out, F9 (Flyball, 89M)
Bottom of the 1st over - 1 run(s), 3 hit(s), 0 error(s), 3 left on base; Seattle 0 - Austin 1
TOP OF THE 2ND
Seattle Pikes batting - Pitching for Austin River Sharks : RHP Armando Pérez
Batting: SHB António Hernández 0-0: Called Strike
0-1: Ball
1-1: Ball
2-1: DOUBLE (Line Drive, 9LM)
Batting: RHB Randy Sheppard 0-0: Called Strike
0-1: Swinging Strike
0-2: Ball
1-2: Ball
2-2: Foul Ball, location: 2F
2-2: Foul Ball, location: 2F
2-2: Ball
3-2: Base on Balls
Batting: LHB Gary Kern 0-0: Ball
Passed Ball!
António Hernández to third
Randy Sheppard to second
1-0: Ball
2-0: Fly out, F5 (Popup, 5D)
Batting: RHB Orlando Núñes 0-0: Ball
1-0: Ball
2-0: Foul Ball, location: 2F
2-1: Ball
3-1: Base on Balls
Batting: RHB Iván Gonzáles 0-0: Ball
1-0: Foul Ball, location: 2F
1-1: Ball
2-1: Swinging Strike
2-2: Foul Ball, location: 2F
2-2: Strikes out swinging
Batting: RHB Manuel Rico 0-0: Ball
Passed Ball!
António Hernández scores
Randy Sheppard to third
Orlando Núñes to second
1-0: Called Strike
1-1: Swinging Strike
1-2: Ball
2-2: Strikes out swinging
Top of the 2nd over - 1 run(s), 1 hit(s), 0 error(s), 2 left on base; Seattle 1 - Austin 1
BOTTOM OF THE 2ND
Austin River Sharks batting - Pitching for Seattle Pikes : LHP Albert Lebel
Batting: LHB José Liñares 0-0: Ball
1-0: Called Strike
1-1: Ball
2-1: Foul Ball, location: 2F
2-2: Strikes out swinging
Batting: RHB Carlos Guzmán 0-0: Swinging Strike
0-1: Ball
1-1: SINGLE (Line Drive, 9LM)
Batting: LHB Enrico Vargas 0-0: Fly out, F7 (Flyball, 7)
Batting: RHB Richard Coker 0-0: Swinging Strike
0-1: Foul Ball, location: 2F
0-2: Foul Ball, location: 2F
0-2: Ball
1-2: Ball
2-2: Ball
3-2: Strikes out swinging
Bottom of the 2nd over - 0 run(s), 1 hit(s), 0 error(s), 1 left on base; Seattle 1 - Austin 1
TOP OF THE 3RD
Seattle Pikes batting - Pitching for Austin River Sharks : RHP Armando Pérez
Batting: RHB Dennis Stephenson 0-0: Foul Ball, location: 2F
0-1: Ball
1-1: Called Strike
1-2: Ball
2-2: Foul Ball, location: 2F
2-2: Ball
3-2: Ground out 1-3 (Groundball, 15S)
Batting: LHB David Monahan 0-0: Ball
1-0: Called Strike
1-1: Swinging Strike
1-2: Strikes out swinging
Batting: RHB Pete Rideout 0-0: Foul Ball, location: 2F
0-1: Called Strike
0-2: Strikes out swinging, 2-3 out at first.
Top of the 3rd over - 0 run(s), 0 hit(s), 0 error(s), 0 left on base; Seattle 1 - Austin 1
BOTTOM OF THE 3RD
Austin River Sharks batting - Pitching for Seattle Pikes : LHP Albert Lebel
Batting: LHB Greg Nelson 0-0: Ball
1-0: Swinging Strike
1-1: Swinging Strike
1-2: Ball
2-2: Ball
3-2: Strikes out swinging
Batting: RHB Pedro Guzmán 0-0: Fly out, F4 (Popup, 4)
Batting: RHB Manny Copriviza 0-0: Swinging Strike
0-1: Ball
1-1: Ball
2-1: SINGLE (Flyball, 78S)
Batting: RHB Dexter Potter 0-0: Called Strike
0-1: Ball
1-1: Called Strike
1-2: Strikes out looking
Bottom of the 3rd over - 0 run(s), 1 hit(s), 0 error(s), 1 left on base; Seattle 1 - Austin 1
TOP OF THE 4TH
Seattle Pikes batting - Pitching for Austin River Sharks : RHP Armando Pérez
Batting: SHB António Hernández 0-0: Foul Ball, location: 2F
0-1: Foul Ball, location: 2F
0-2: Ball
1-2: Ball
2-2: Ball
3-2: Foul Ball, location: 2F
3-2: Ground out 5-3 (Groundball, 56)
Batting: RHB Randy Sheppard 0-0: Ball
1-0: Fly out, F2 (Popup, 13)
Batting: LHB Gary Kern 0-0: Ball
1-0: Called Strike
1-1: Ground out 3-1 (Groundball, 34)
Top of the 4th over - 0 run(s), 0 hit(s), 0 error(s), 0 left on base; Seattle 1 - Austin 1
BOTTOM OF THE 4TH
Austin River Sharks batting - Pitching for Seattle Pikes : LHP Albert Lebel
Batting: RHB Eric Neal 0-0: Ground out 5-3 (Groundball, 56S)
Batting: LHB José Liñares 0-0: Ball
1-0: Ball
2-0: Foul Ball, location: 2F
2-1: Ball
3-1: Foul Ball, location: 2F
3-2: Foul Ball, location: 2F
3-2: Ground out 4-3 (Groundball, 4D)
Batting: RHB Carlos Guzmán 0-0: Foul Ball, location: 2F
0-1: Called Strike
0-2: Ball
1-2: Strikes out swinging
Bottom of the 4th over - 0 run(s), 0 hit(s), 0 error(s), 0 left on base; Seattle 1 - Austin 1
TOP OF THE 5TH
Seattle Pikes batting - Pitching for Austin River Sharks : RHP Armando Pérez
Pitching: RHP Tatsuzo Harada
Batting: RHB Orlando Núñes 0-0: Called Strike
0-1: Ball
1-1: Swinging Strike
1-2: Fly out, F8 (Flyball, 89D)
Batting: RHB Iván Gonzáles 0-0: Ball
1-0: Ball
2-0: Foul Ball, location: 2F
2-1: Called Strike
2-2: Fly out, F9 (Flyball, 9S)
Batting: RHB Manuel Rico 0-0: Called Strike
0-1: Fly out, F9 (Flyball, 9LS)
Top of the 5th over - 0 run(s), 0 hit(s), 0 error(s), 0 left on base; Seattle 1 - Austin 1
BOTTOM OF THE 5TH
Austin River Sharks batting - Pitching for Seattle Pikes : LHP Albert Lebel
Batting: LHB Enrico Vargas 0-0: Ball
1-0: Ball
2-0: Ball
3-0: Called Strike
3-1: Ground out 4-3 (Groundball, 4)
Batting: RHB Richard Coker 0-0: Called Strike
0-1: Swinging Strike
0-2: Ball
1-2: Foul Ball, location: 2F
1-2: Ball
2-2: SINGLE (Groundball, 34) (infield hit)
Batting: LHB Greg Nelson 0-0: Ball
1-0: SINGLE (Groundball, 6D)
Richard Coker to second
Pitching: RHP Francisco Carrasco
Batting: RHB Pedro Guzmán 0-0: Ball
1-0: Foul Ball, location: 2F
1-1: Fly out, F7 (Flyball, 78S)
Batting: RHB Manny Copriviza 0-0: Fly out, F8 (Flyball, 8LXD)
Bottom of the 5th over - 0 run(s), 2 hit(s), 0 error(s), 2 left on base; Seattle 1 - Austin 1
TOP OF THE 6TH
Seattle Pikes batting - Pitching for Austin River Sharks : RHP Tatsuzo Harada
Batting: RHB Dennis Stephenson 0-0: Swinging Strike
0-1: Ball
1-1: Foul Ball, location: 2F
1-2: Foul Ball, location: 2F
1-2: Foul Ball, location: 2F
1-2: Strikes out swinging
Batting: LHB David Monahan 0-0: Ball
1-0: Fly out, F4 (Line Drive, 4)
Batting: RHB Pete Rideout 0-0: Foul Ball, location: 2F
0-1: Fly out, F9 (Flyball, 89S)
Top of the 6th over - 0 run(s), 0 hit(s), 0 error(s), 0 left on base; Seattle 1 - Austin 1
BOTTOM OF THE 6TH
Austin River Sharks batting - Pitching for Seattle Pikes : RHP Francisco Carrasco
Batting: RHB Dexter Potter 0-0: Ball
1-0: Ball
2-0: Ball
3-0: Base on Balls
Batting: RHB Eric Neal 0-0: Ball
1-0: Swinging Strike
1-1: Ball
2-1: DOUBLE (Flyball, 78XD)
Dexter Potter to third
Batting: LHB José Liñares 0-0: Ball
1-0: Ball
Wild Pitch!
Dexter Potter scores
Eric Neal to third
2-0: Ball
3-0: Called Strike
3-1: Base on Balls
Batting: RHB Carlos Guzmán 0-0: Ball
1-0: Ball
2-0: Ball
3-0: Called Strike
3-1: Base on Balls
José Liñares to second
Batting: LHB Enrico Vargas 0-0: Called Strike
0-1: Grounds into fielders choice 1-2 (Groundball, 15S)
José Liñares to third
Carlos Guzmán to second
Batting: RHB Richard Coker 0-0: Foul Ball, location: 2F
0-1: Ball
1-1: Ball
2-1: Ball
3-1: Base on Balls
José Liñares scores
Carlos Guzmán to third
Enrico Vargas to second
Pitching: RHP Orlando Ojeda
Batting: LHB Greg Nelson 0-0: Ball
1-0: Grounds into fielders choice 3-2 (Groundball, 3)
Enrico Vargas to third
Richard Coker to second
Batting: RHB Pedro Guzmán 0-0: Ball
1-0: Swinging Strike
1-1: Called Strike
1-2: Strikes out swinging
Bottom of the 6th over - 2 run(s), 1 hit(s), 0 error(s), 3 left on base; Seattle 1 - Austin 3
TOP OF THE 7TH
Seattle Pikes batting - Pitching for Austin River Sharks : RHP Tatsuzo Harada
Batting: SHB António Hernández 0-0: Ball
1-0: Foul Ball, location: 2F
1-1: SINGLE (Line Drive, 4M)
Batting: RHB Randy Sheppard 0-0: Foul Ball, location: 2F
0-1: Ball
1-1: Ball
2-1: Ball
3-1: Base on Balls
António Hernández to second
Pitching: LHP António Bueno
Pinch Hitting: LHB Roberto Lozano 0-0: Ball
1-0: Foul Ball, location: 2F
1-1: Fielders Choice at 2nd, 3-6 (Groundball, 34)
António Hernández to third
Pitching: RHP Jean Burrows
Pinch Hitting: SHB Richard Bowman 0-0: Ball
1-0: Grounds into double play, 6-4-3 (Groundball, 6)
Top of the 7th over - 0 run(s), 1 hit(s), 0 error(s), 1 left on base; Seattle 1 - Austin 3
BOTTOM OF THE 7TH
Austin River Sharks batting - Pitching for Seattle Pikes : RHP Orlando Ojeda
Now at 1B: Roberto Lozano
Now at SS: Richard Bowman
Batting: RHB Manny Copriviza 0-0: Foul Ball, location: 2F
0-1: Called Strike
0-2: Strikes out swinging
Batting: RHB Dexter Potter 0-0: SINGLE (Line Drive, 8LS)
Batting: RHB Eric Neal 0-0: Called Strike
0-1: Ball
1-1: Ball
2-1: Swinging Strike
2-2: Foul Ball, location: 2F
2-2: Foul Ball, location: 2F
2-2: Ball
3-2: Strikes out swinging
Batting: LHB José Liñares 0-0: Ball
1-0: Fly out, F7 (Line Drive, 78S)
Bottom of the 7th over - 0 run(s), 1 hit(s), 0 error(s), 1 left on base; Seattle 1 - Austin 3
TOP OF THE 8TH
Seattle Pikes batting - Pitching for Austin River Sharks : RHP Jean Burrows
Batting: RHB Iván Gonzáles 0-0: Ball
1-0: Foul Ball, location: 2F
1-1: Ball
2-1: Ground out 4-3 (Groundball, 4)
Batting: RHB Manuel Rico 0-0: Ball
1-0: Ball
2-0: Ball
3-0: Called Strike
3-1: Base on Balls
Batting: RHB Dennis Stephenson 0-0: Foul Ball, location: 2F
0-1: Ball
1-1: Ball
2-1: Foul Ball, location: 2F
2-2: Foul Ball, location: 2F
2-2: Strikes out swinging
Batting: LHB David Monahan 0-0: Ball
1-0: Called Strike
1-1: Ball
2-1: Ground out U3 (Groundball, 3S)
Top of the 8th over - 0 run(s), 0 hit(s), 0 error(s), 1 left on base; Seattle 1 - Austin 3
BOTTOM OF THE 8TH
Austin River Sharks batting - Pitching for Seattle Pikes : RHP Orlando Ojeda
Batting: RHB Carlos Guzmán 0-0: Called Strike
0-1: Foul Ball, location: 2F
0-2: Fly out, F8 (Flyball, 8RS)
Batting: LHB Enrico Vargas 0-0: Called Strike
0-1: Foul Ball, location: 2F
0-2: Ball
1-2: Ground out 4-3 (Groundball, 4)
Batting: RHB Richard Coker 0-0: Called Strike
0-1: Foul Ball, location: 2F
0-2: Ball
1-2: Foul Ball, location: 2F
1-2: Foul Ball, location: 2F
1-2: Ball
2-2: Fly out, F9 (Line Drive, 9)
Bottom of the 8th over - 0 run(s), 0 hit(s), 0 error(s), 0 left on base; Seattle 1 - Austin 3
TOP OF THE 9TH
Seattle Pikes batting - Pitching for Austin River Sharks : RHP Jean Burrows
Pitching: RHP José Salinas
Batting: RHB Pete Rideout 0-0: Ball
1-0: Ball
2-0: Fly out, F8 (Flyball, 8RM)
Batting: SHB António Hernández 0-0: Ground out 4-3 (Groundball, 4)
Batting: RHB Randy Sheppard 0-0: Called Strike
0-1: Foul Ball, location: 2F
0-2: Foul Ball, location: 2F
0-2: Fly out, F4 (Popup, 4M)
Top of the 9th over - 0 run(s), 0 hit(s), 0 error(s), 0 left on base; Seattle 1 - Austin 3
Tuesday, August 8th, 2017 - OOTP Baseball 17.12 Build 75